 Dungeon Crawl Stone Soup version 0.25.1-2-g60ff931df9 (webtiles) character file.

Game seed: 3914481049075456938

198 Patoropollo the Slasher (level 6, 0/47 HPs)
             Began as a Human Fighter on Oct 2, 2020.
             Was an Initiate of Makhleb.
             Killed from afar by an orc wizard (5 damage)
             ... with a magic dart
             ... on level 4 of the Dungeon.
             The game lasted 00:13:17 (3351 turns).

Patoropollo the Slasher (Human Fighter)             Turns: 3351, Time: 00:13:17

Health: 0/47       AC: 11    Str: 16    XL:     6   Next: 5%
Magic:  6/6        EV:  8    Int:  8    God:    Makhleb [......]
Gold:   50         SH: 10    Dex: 15    Spells: 5/5 levels left

rFire    . . .     SeeInvis .   a - +0 long sword
rCold    . . .     Gourm    .   c - +1 kite shield
rNeg     . . .     Faith    .   b - +0 scale mail
rPois    .         Spirit   .   (no helmet)
rElec    .         Reflect  .   (no cloak)
rCorr    .         Harm     .   (no gloves)
MR       .....     Rnd*Tele +   (no boots)
Stlth    ..........             (no amulet)
HPRegen  0.15/turn              r - +4 ring of protection
MPRegen  0.10/turn              s - ring of teleportation (curse)

@: no status effects
A: no striking features
a: Renounce Religion


You were on level 4 of the Dungeon.
You worshipped Makhleb.
Makhleb was noncommittal.
You were not hungry.

You visited 1 branch of the dungeon, and saw 4 of its levels.

You collected 50 gold pieces.

Inventory:

Hand Weapons
 a - a +0 long sword (weapon)
Armour
 b - a +0 scale mail (worn)
 c - a +1 kite shield (worn)
Jewellery
 o - a +4 ring of protection
 r - a +4 ring of protection (left hand)
 s - a cursed ring of teleportation (right hand)
Scrolls
 g - a scroll of fog
 i - a scroll of blinking
 k - a scroll of immolation
Potions
 d - a potion of might
 e - 2 potions of curing
 h - a potion of heal wounds {unknown}
 l - 2 potions of mutation
 m - 2 potions of haste {unknown}
 p - a potion of stabbing {unknown}
Comestibles
 f - a ration


   Skills:
 + Level 3.5 Fighting
 + Level 3.9 Long Blades
 + Level 3.7 Armour
 + Level 1.6 Dodging
 + Level 0.2 Stealth
 + Level 3.6 Shields


You had 5 spell levels left.
You didn't know any spells.
Your spell library was empty.

Dungeon Overview and Level Annotations

Branches:
Dungeon (4/15)
 Temple: D:4-7

Altars:
Makhleb
Nemelex Xobeh
Sif Muna

Annotations:
D:3 3 runed translucent doors, Fractals's ghost, amateur DsVM


Message History

The orc wizard is almost dead.
You block the orc priest's attack. You block the orc wizard's attack.
The orc closely misses you.
You riposte.
Your shield and scale mail prevent you from hitting the orc.
The orc hits you from afar with a +0 trident.
* * * LOW HITPOINT WARNING * * *
The orc priest closely misses you.
You riposte.
You hit the orc priest.
The orc priest is lightly wounded.
You hit the orc wizard but do no damage.
The orc wizard is almost dead.
The orc wizard casts a spell at you. You resist with some effort.
The orc barely misses you.
You riposte.
You hit the orc but do no damage. The orc hits you but does no damage.
You block the orc priest's attack.
Unknown command.
You closely miss the orc wizard.
The orc wizard is almost dead.
The orc wizard gestures at you while chanting.
The magic dart hits you.
You die...

#..# # ..< .#
#####..###+#.#
.............#
#....[.......#
#......o.....#
#.....o.o....#
#......@o....#
#............#
.............#.
##.............
#...........##
#...........#
#########...#
...# .....


You could see an orc priest, an orc wizard and 2 orcs.

Vanquished Creatures
  An orc wizard (D:3)
  A worker ant (D:4)
  6 adders
  3 worms
  2 dart slugs
  2 leopard geckos
  4 orcs (D:3)
  7 bats
  2 giant cockroaches
  12 goblins
  9 hobgoblins
  2 jackals (D:3)
  5 kobolds
  2 quokkas (D:3)
  8 frilled lizards
  8 rats
74 creatures vanquished.

Notes
Turn   | Place    | Note
-------+----------+-------------------------------------------
     0 | D:1      | Patoropollo the Human Fighter began the quest for the Orb.
     0 | D:1      | Reached XP level 1. HP: 18/18 MP: 1/1
   132 | D:1      | Reached XP level 2. HP: 24/24 MP: 2/2
   138 | D:1      | Found a sparkling altar of Nemelex Xobeh.
   470 | D:1      | Reached XP level 3. HP: 29/29 MP: 3/3
  1272 | D:2      | Reached XP level 4. HP: 35/35 MP: 4/4
  1344 | D:2      | Found a burning altar of Makhleb.
  1398 | D:2      | Became a worshipper of Makhleb the Destroyer
  1535 | D:3      | Found a runed translucent gate.
  1535 | D:3      | Found a runed translucent gate.
  1537 | D:3      | Found a runed translucent gate.
  1757 | D:3      | Reached XP level 5. HP: 26/41 MP: 5/5
  2433 | D:3      | Noticed Fractals's ghost (amateur DsVM)
  2505 | D:3      | Found a shimmering blue altar of Sif Muna.
  3001 | D:3      | Reached * piety under Makhleb
  3001 | D:3      | Reached skill level 1 in Dodging
  3340 | D:4      | Reached XP level 6. HP: 43/47 MP: 6/6
  3351 | D:4      | Killed from afar by an orc wizard

Illustrated notes

Levels and vault maps discovered:
D:1:      wander_arrival_estate, layout_rooms, nemelex_diamond_rough_becter
D:2:      layout_rooms, lemuel_doored_altar
D:3:      kennysheep_big_flooded_room, layout_loops_corners, led_sif_book,
          gammafunk_ghost_split, first_ration, minivault_14
D:4:      minmay_thinvault, layout_basic, gammafunk_temple_overflow_statue,
          kennysheep_cross_bottleneck, uniq_duvessa, uniq_grinder

Skill      XL: |  1  2  3  4  5 |
---------------+----------------+-----
Long Blades    | 3 |  3.9
Dodging        | 1 |  1.6
Fighting       | |  3.5
Armour         | |  3.7
Stealth        | |  0.2
Shields        | |  3.6

Action                   |  1- 3 |  4- 6 || total
-------------------------+-------+-------++-------
Melee: Long sword        |    97 |   145 ||   242
  Use: Scroll            |       |     8 ||     8
  Eat: Ration            |     1 |     2 ||     3
Armor: Scale mail        |    42 |    60 ||   102
Dodge: Dodged            |    30 |    35 ||    65
Block: Kite shield       |    51 |    82 ||   133
       Rpst.: Long sword |    10 |    12 ||    22
